 Dungeon Crawl Stone Soup version 0.22.1-2-g9c5b331 (webtiles) character file.

81 teukkam the Skirmisher (level 4, -1/41 HPs)
             Began as a Minotaur Fighter on Jan 4, 2019.
             Killed from afar by an orc wizard (4 damage)
             ... with a puff of flame
             ... on level 3 of the Dungeon.
             The game lasted 00:03:17 (509 turns).

teukkam the Skirmisher (Minotaur Fighter)            Turns: 509, Time: 00:03:18

Health: -1/41      AC:  7    Str: 26 (27) XL:     4   Next: 20%
Magic:  3/3        EV:  7    Int:  4 (5)  God:
Gold:   78         SH: 10    Dex:  7 (9)  Spells: 3/3 levels left

rFire    . . .     SeeInvis .   a - +0 war axe
rCold    . . .     Gourm    .   c - +0 shield
rNeg     . . .     Faith    .   b - +0 scale mail
rPois    .         Spirit   .   (helmet restricted)
rElec    .         Reflect  .   (no cloak)
rCorr    .         Harm     .   (no gloves)
MR       .....                  (no boots)
Stlth    ..........             (no amulet)
HPRegen  0.13/turn              (no ring)
MPRegen  0.08/turn              (no ring)

@: mighty, flying
A: retaliatory headbutt, horns 2
a: no special abilities


You were on level 3 of the Dungeon.
You were not hungry.

You visited 1 branch of the dungeon, and saw 3 of its levels.

You collected 78 gold pieces.

Inventory:

Hand Weapons
 a - a +0 war axe (weapon)
Missiles
 e - 10 stones (quivered)
 m - 23 bolts
Armour
 b - a +0 scale mail (worn)
 c - a +0 shield (worn)
Scrolls
 g - a scroll of noise
 n - a scroll of enchant armour {unknown}
Potions
 d - a potion of might
 i - a potion of degeneration
Comestibles
 f - 3 rations
 k - a chunk of flesh


   Skills:
 + Level 4.4 Fighting
 + Level 3.4 Axes
 + Level 4.3 Armour
 + Level 4.4 Shields


You had 3 spell levels left.
You didn't know any spells.
Your spell library contained the following spells:

 Spells                   Type           Power        Failure   Level  Hunger
 Magic Dart               Conj           #...         99%         1    ##.....
 Blink                    Tloc           N/A          100%        2    ###....
 Call Imp                 Summ           #.......     100%        2    ###....
 Slow                     Hex            #.......     100%        2    ###....
 Conjure Flame            Conj/Fire      #.......     100%        3    ####...
 Mephitic Cloud           Conj/Pois/Air  #.......     100%        3    ####...


Dungeon Overview and Level Annotations

Branches:
Dungeon (3/15)

Altars:
Uskayaw


Innate Abilities, Weirdness & Mutations

You reflexively headbutt those who attack you in melee.
You have a pair of horns on your head.


Message History

You hear some strange, mumbled words.
A puff of flame appears from out of thin air!
The puff of flame hits you!
* * * LOW HITPOINT WARNING * * *
You block something's attack.
You miss something.
You hear some strange, mumbled words.
A magic dart appears from out of thin air!
The magic dart hits you!
* * * LOW HITPOINT WARNING * * *
Something hits you but does no damage.
You hear some strange, mumbled words.
A magic dart appears from out of thin air!
The magic dart hits you!
* * * LOW HITPOINT WARNING * * *
You miss something.
You hear some strange, mumbled words.
A puff of flame appears from out of thin air!
The puff of flame hits you!
You die...

***,* *,*,,,,,,,,,,,,,, *,,,*
*,****..,,,,,,,** ***#**,,,* #.*
*#..,,,,,,,**
*,,..,,**###.###$..,,,.,,,,,
*,,,..,,,..#.....#**,..,,,,,
*,,**#.**#.##....#*,..****,,
*,,*##..,#.##.#*.##.#.# *,,
**,,##....#{#..##......#* *,,
*,,,..._..)†@.......#*,,***,,
*****,*,#....##)....<#.<#*,,*,,,,
*,,,,,*,#..,**#..##..#..#..,*,**,
*,,,,,*,#**,###......)......,,,,,
*,,,,,*,,,,,............#.#.,,**,
***********,.....####.....#,,***,
*,,,,.....### *#......,,**,
*,,,,.....* ****#.....*,**,
*,,,,...[.****,,,,...#.*,**,


There were no monsters in sight!

Vanquished Creatures
  An orc wizard (D:3)
  An adder (D:3)
  An ooze (D:1)
  2 dart slugs
  3 orcs (D:3)
  2 bats (D:1)
  3 giant cockroaches
  2 goblins
  3 hobgoblins
  4 jackals (D:3)
  5 kobolds (D:1)
  A quokka (D:3)
  2 frilled lizards (D:1)
  5 rats
35 creatures vanquished.

Notes
Turn   | Place    | Note
-------+----------+-------------------------------------------
     0 | D:1      | teukkam the Minotaur Fighter began the quest for the Orb.
     0 | D:1      | Reached XP level 1. HP: 19/19 MP: 0/0
    88 | D:1      | Reached XP level 2. HP: 25/27 MP: 1/1
   452 | D:3      | Reached XP level 3. HP: 33/33 MP: 2/2
   473 | D:3      | Found a hide-covered altar of Uskayaw.
   492 | D:3      | Reached XP level 4. HP: 15/41 MP: 3/3
   509 | D:3      | Killed from afar by an orc wizard

Skill      XL: |  1  2 |
---------------+-------+-----
Fighting       | 4 |  4.4
Shields        | 4 |  4.4
Armour         | 4 |  4.3
Axes           | 3 |  3.4

Action                   |  1- 3 |  4- 6 || total
-------------------------+-------+-------++-------
Melee: War axe           |    74 |     9 ||    83
       Headbutt          |    10 |     1 ||    11
  Use: Scroll            |     2 |       ||     2
       Potion            |       |     4 ||     4
Armor: Scale mail        |    25 |    10 ||    35
Dodge: Dodged            |    31 |     4 ||    35
Block: Shield            |    37 |     3 ||    40
